AoeStats
← MouglieHD

Nomad

509909629Analyzed
2v2 RM · 4d ago on Sep 28, 2026· 33m 53s· 4 players
Game mode
Random Map
Map size
176×176
Population
200
Speed
Normal
Resources
Standard
Victory
Conquest
Starting age
Dark Age
Ending age
Imperial Age
RankedLock teamsTeams togetherTeam positionsShared explorationLock speedFull tech treeHidden civsTurbo modeCheats
Victory
Defeat
🇸🇪 Saracens · Sweden
790
+13
🇸🇪 Italians · Sweden
704
+16
🇫🇷 Huns · France
717
-15
🇫🇷 Khmer · France
705
-14
Almopro
30:00 Feudal Age
31:39 Wheelbarrow
MouglieHD
13:55 Feudal Age
25:17 Castle Age
25:33 Padded Archer Armor
29:31 Leather Archer Armor
29:08 Fletching
30:35 Crossbowman
Keni♿
8:11 Loom
22:02 Feudal Age
22:30 Horse Collar
26:41 Forging
27:08 Double-Bit Axe
30:18 Gold Mining
34:30 Castle Age
33:53 Fletching
Yung Torsten
3:24 Loom
14:11 Feudal Age
14:15 Man-at-Arms
15:36 Wheelbarrow
18:37 Gold Mining
20:30 Scale Mail Armor
26:01 Castle Age
27:04 Hand Cart
27:08 Stone Mining
29:26 Double-Bit Axe
Connection lost

Rejoining the realm…

Still unreachable

The connection could not be restored.

Session expired

The server has moved on; the page needs a fresh start.